 Dungeon Crawl Stone Soup version 0.30-a0-626-gd6a5dd7a1f (webtiles) character file.

Game seed: 12018695659268972721

90 Vylera the Charlatan (level 4, 0/33 HPs)
             Began as a Djinni Wanderer on Jan 12, 2023.
             Was a Believer of Nemelex Xobeh.
             Slain by an orc wizard
             ... wielding a +0 dagger
              (1 damage)
             ... on level 3 of the Dungeon.
             The game lasted 00:06:32 (1588 turns).

Vylera the Charlatan (Djinni Wanderer)              Turns: 1588, Time: 00:06:33

Health: 0/33       AC:  3    Str:  7    XL:     4   Next: 85%
Gold:   145        EV: 12    Int: 20    God:    Nemelex Xobeh [**....] SH:  0 Dex: 12

rFire   + + .      SeeInvis .    k - +1 dagger (venom)
rCold   x . .      Faith    .    (no shield)
rNeg    . . .      Spirit   .    c - +0 robe
rPois   ∞          Reflect  .    s - +0 helmet
rElec   .          Harm     .    (no cloak)
rCorr   .          Rampage  .    (no gloves)
Will    .....                    (boots unavailable)
Stlth   +                        (no amulet)
HPRegen 0.25/turn                (no ring)
MPRegen 0.00/turn                (no ring)

@: flying
A: sickness immunity, fire resistance 2, cold vulnerability 1, float, innate
caster, HP casting, extra vitality 1
a: Renounce Religion, Draw Escape, Draw Destruction, Draw Summoning


You were on level 3 of the Dungeon.
You worshipped Nemelex Xobeh.
Nemelex Xobeh was pleased with you.
You visited 1 branch of the dungeon, and saw 3 of its levels.

You collected 145 gold pieces.

Inventory:

Hand Weapons
 a - a +0 dagger
 k - a +1 dagger of venom (weapon)
Armour
 c - a +0 robe (worn)
 s - a +0 helmet (worn)
Scrolls
 b - 3 scrolls of teleportation
 f - 2 scrolls of enchant armour {unknown}
 h - a scroll of poison {unknown}
 j - a scroll of blinking {unknown}
 l - a scroll of noise {unknown}
 p - a scroll of fear {unknown}
 q - a scroll of identify {unknown}
 r - a scroll of enchant weapon {unknown}
Potions
 e - 2 potions of attraction {unknown}
 g - 3 potions of curing {unknown}
 i - a potion of might {unknown}
 m - a potion of ambrosia {unknown}
 n - a potion of heal wounds {unknown}
 o - a potion of brilliance {unknown}
Miscellaneous
 d - a piece from Xom's chessboard (15/15)


   Skills:
 + Level 1.8 Fighting
 - Level 2.1 Dodging
 * Level 3.4 Spellcasting
 + Level 1.3 Invocations
 - Level 4.0 Evocations


You couldn't memorise any spells.
You knew the following spells:

 Your Spells              Type           Power      Damage    Failure   Level
a - Slow                  Hex            68%        N/A       3%          1
b - Leda's Liquefaction   Hex/Erth       8%         N/A       32%         4
c - Dazzling Flash        Conj/Hex       34%        N/A       10%         3
d - Ignite Poison         Fire/Tmut/Pois 17%        N/A       10%         3
e - Sting                 Tmut/Pois      68%        1d6       3%          1
f - Apportation           Tloc           34%        N/A       3%          1

Your spell library contained the following spells:

 Spells                   Type           Power      Damage    Failure   Level


Dungeon Overview and Level Annotations

Branches:
Dungeon (3/15)

Altars:
Nemelex Xobeh

Shops:
D:1 :


Innate Abilities, Weirdness & Mutations

You are immune to sickness and miasma.
You are immune to poison.
Your flesh is very heat resistant. (rF++)
You are vulnerable to cold. (rC-)
You float through the air rather than walking.
You learn spells naturally, not from books.
Your magical power is your life essence.
You have superior vitality. (+4 MHP)


Message History

Aiming: Sting (safe; 3% risk of failure)
Press: ? - help, Shift-Dir - straight line, f/p - orc
Aim: an orc, wielding a +0 club (74% to hit)
The sting hits something but does no damage.
Casting: Sting (safe; 3% risk of failure)
Confirm with . or Enter, or press ? or * to list all spells.
Aiming: Sting (safe; 3% risk of failure)
Press: ? - help, Shift-Dir - straight line, f/p - orc
Aim: an orc, wielding a +0 club (74% to hit)
The sting hits the orc.
The orc is poisoned.
The orc is heavily wounded.
* * * LOW HITPOINT WARNING * * *
Something hits you.
* * * LOW HITPOINT WARNING * * *
You hit something. Something hits you.
* * * LOW HITPOINT WARNING * * *
Casting: Sting (safe; 3% risk of failure)
Confirm with . or Enter, or press ? or * to list all spells.
Aiming: Sting (safe; 3% risk of failure)
Press: ? - help, Shift-Dir - straight line, f/p - orc
Aim: an orc, wielding a +0 club (severely wounded, poisoned, 74% to hit)
The sting hits the orc.
The orc looks even sicker.
You kill the orc!
* * * LOW HITPOINT WARNING * * *
Something hits you.
* * * LOW HITPOINT WARNING * * *
You miss something. Something hits you.
* * * LOW HITPOINT WARNING * * *
Casting: Sting (safe; 3% risk of failure)
Confirm with . or Enter, or press ? or * to list all spells.
You can't see any susceptible monsters within range! (Use Z to cast anyway.) Unknown command.
You miss something. Something hits you.
* * * LOW HITPOINT WARNING * * *
Something hits you but does no damage. Something hits you.
* * * LOW HITPOINT WARNING * * *
Something hits you.
You die...
Your body disappears without a glow.

#.............. .[.
##.###...###.## #..
###.####.## #.# #.#
..........###.####)#
###.............##)#
#.#####.###.#.##.#
#.# #.###.#.##.# #.#
#.##....##.#
#..†....@..#
#.##....####
#.###.#..# #.#
#.##.# #.# #.##.#
... #.##.# ...
..##.# .. ####.# #.#


There were no monsters in sight!

Vanquished Creatures
  An orc wizard (D:3)
  5 dart slugs
  3 orcs (D:3)
  3 bats
  6 endoplasms
  4 giant cockroaches
  7 goblins
  3 hobgoblins
  2 quokkas
  6 ball pythons (D:1)
  A frilled lizard (D:1)
  6 kobolds
  2 rats
49 creatures vanquished.

Notes
Turn   | Place    | Note
-------+----------+-------------------------------------------
     0 | D:1      | Vylera the Djinni Wanderer began the quest for the Orb.
     0 | D:1      | Vylera set off with the following items: a +0 dagger, a
                  | scroll of teleportation, a +0 robe, a piece from Xom's
                  | chessboard (15/15)the following spells memorised: Slow,
                  | Leda's Liquefaction, Dazzling Flash, Ignite Poison, Sting.
     0 | D:1      | Reached XP level 1. HP: 15/15 MP: 0/0
    33 | D:1      | Found Kocicosk's Vocational Training.
    63 | D:1      | Reached XP level 2. HP: 15/22 MP: 0/0
   191 | D:1      | Found a faded altar of an unknown god.
   204 | D:1      | Reached skill level 1 in Fighting
   220 | D:1      | Prayed at the altar of an unknown god.
   220 | D:1      | Became a worshipper of Nemelex Xobeh the Trickster
   220 | D:1      | Reached * piety under Nemelex Xobeh
   344 | D:1      | Received a gift from Nemelex Xobeh
   350 | D:1      | Reached XP level 3. HP: 24/27 MP: 0/0
   350 | D:1      | Learned a level 1 spell: Apportation
  1067 | D:2      | Reached ** piety under Nemelex Xobeh
  1189 | D:2      | Reached XP level 4. HP: 30/32 MP: 0/0
  1307 | D:2      | Reached skill level 1 in Invocations
  1583 | D:3      | HP: 1/33 [something (2)]
  1588 | D:3      | Slain by an orc wizard

Illustrated notes

Levels and vault maps discovered:
D:1:      dpeg_arrival_lava_temple_mockup, layout_rooms,
          hellmonk_ecumenical_altar_run_dry, nicolae_shop_vocational
D:2:      layout_basic
D:3:      layout_loops_ring, lemuel_coloured_pillars_altar,
          jmf_multi_god_temple, uniq_grinder, uniq_natasha

Skill      XL: |  1  2  3  4 |
---------------+-------------+-----
Fighting       | 1 |  1.8
Spellcasting   | 3 |  3.4
Invocations    | 1 |  1.3
Dodging        | |  2.1
Evocations     | |  4.0

Action                   |  1- 3 |  4- 6 || total
-------------------------+-------+-------++-------
Melee: Dagger            |    59 |    28 ||    87
       Punch             |     1 |     1 ||     2
 Cast: Sting             |    50 |    11 ||    61
       Slow              |     2 |     1 ||     3
Armor: Robe              |    13 |     4 ||    17
Dodge: Dodged            |    40 |     9 ||    49

Table legend: (Time is in decaauts)
 A = Elapsed time spent in this place.
 B = Non-inter-level travel time spent in this place.
 C = Inter-level travel time spent in this place.
 D = Time resting spent in this place.
 E = Time spent auto-exploring this place.
 F = Levels seen in this place.
 G = Mean time per level.
                   A        B        C        D        E       F      G
               +--------+--------+--------+--------+--------+-----+--------+
         Total |   1588 |   1471 |    117 |     66 |   1098 |   3 |  529.3 |
       Dungeon |   1588 |   1471 |    117 |     66 |   1098 |   3 |  529.3 |
               +--------+--------+--------+--------+--------+-----+--------+

Top non-repeatable levels by time:
     D:2: 893 daAuts
     D:1: 626 daAuts
     D:3: 68 daAuts
